 Dungeon Crawl Stone Soup version 0.31.0-9-g3a7656b989 (webtiles) character file.

Game seed: 14907472925453888908

137 qw the Skirmisher (level 5, -2/29 HPs)
             Began as a Deep Elf Hunter on Feb 2, 2024.
             Slain by an orc priest
             ... wielding a +0 dagger
              (4 damage)
             ... on level 3 of the Dungeon.
             The game lasted 00:00:07 (2048 turns).

qw the Skirmisher (Deep Elf Hunter)                 Turns: 2048, Time: 00:00:07

Health: -2/29      AC:  9    Str: 10    XL:     5   Next: 0%
Magic:  7/7        EV: 11    Int: 14    God:
Gold:   164        SH:  0    Dex: 18    Spells: 4/4 levels left

rFire   + . .        c - +4 orcbow (flame)
rCold   . . .        (shield currently unavailable)
rNeg    . . .        f - +1 ring mail
rPois   .            (no helmet)
rElec   .            (no cloak)
rCorr   .            b - +2 pair of gloves
SInv    .            (no boots)
Will    .....        (no amulet)
Stlth   +            i - ring of protection from fire
HPRegen 0.24/turn    (no ring)
MPRegen 0.10/turn

%: no passive effects
@: no status effects
A: no striking features
a: no special abilities


You were on level 3 of the Dungeon.
You visited 1 branch of the dungeon, and saw 3 of its levels.

You collected 164 gold pieces.


   Skills:
 - Level 1.5 Fighting
 + Level 8.4 Ranged Weapons
 - Level 2.4 Dodging
 - Level 1.2 Stealth


You had 4 spell levels left.
You didn't know any spells.
Your spell library was empty.

Inventory:

Hand Weapons
 c - a +4 orcbow of flaming (weapon)
Armour
 b - a +2 pair of gloves (worn)
 f - a +1 ring mail (worn)
Jewellery
 i - a ring of protection from fire (left hand)
Potions
 a - a potion of degeneration {unknown}
 h - a potion of haste

Dungeon Overview and Level Annotations

Branches:
Dungeon (3/15)

Altars:
Cheibriados
Gozag


Message History

The orc shouts!
You hear an angry hiss.
An orc wizard comes into view. It is wielding a +0 dagger.
An orc priest comes into view. It is wielding a +0 dagger.
You shoot an arrow. The orc wizard shouts!
The orc priest shouts!
The arrow hits the orc!
The arrow burns the orc.
You kill the orc!
You shoot an arrow. The arrow hits the orc.
The arrow burns the orc.
The orc is heavily wounded.
A ball python comes into view.
The ball python moves out of view.
You shoot an arrow. The arrow hits the orc!
The arrow burns the orc.
You kill the orc!
The orc wizard gestures at you while chanting.
The magic dart hits you!
You have reached level 5!
You shoot an arrow. The arrow hits the orc wizard.
The arrow burns the orc wizard.
The orc wizard is heavily wounded.
You shoot an arrow. The arrow hits the orc wizard.
The arrow burns the orc wizard.
The orc wizard is severely wounded.
The orc priest invokes the aid of Beogh against you.
Beogh smites you!
You shoot an arrow.
The arrow closely misses the orc wizard.
The orc wizard hits you but does no damage.
You shoot an arrow. The arrow barely misses the orc wizard.
The orc wizard misses you. The orc wizard barely misses you.
You shoot an arrow.
The arrow hits the orc wizard but does no damage.
The orc wizard is severely wounded.
The orc priest invokes the aid of Beogh against you.
Pain shoots through your body!
The orc wizard hits you but does no damage.
You shoot an arrow.
The arrow completely misses the orc wizard.
The orc priest hits you with a +0 dagger.
You die...

#.# #.#######.
#########.........
#.................
#.###############.
#######.###
..........#
######.##.## #.
#@o# #....oS))..#
#.####.##..# #. .#
. ## .) #. ##


You could see an orc priest, an orc wizard and a ball python.

Vanquished Creatures
  An orc priest (D:3)
  An orc wizard (D:3)
  2 adders
  A dart slug (D:2)
  5 orcs
  3 endoplasms
  A giant cockroach (D:1)
  6 goblins
  10 hobgoblins
  4 jackals (D:2)
  3 kobolds
  2 quokkas
  7 ball pythons
  2 bats (D:1)
  3 frilled lizards
  4 rats
55 creatures vanquished.

Notes
Turn   | Place    | Note
-------+----------+-------------------------------------------
     0 | D:1      | qw the Deep Elf Hunter began the quest for the Orb.
     0 | D:1      | Reached XP level 1. HP: 12/12 MP: 3/3
     0 | D:1      | 0 ||| qw: Version: 0.3-a-155-g5e7d8dd
     0 | D:1      | 0 ||| qw: Game counter: 2255
     0 | D:1      | 0 ||| qw: Melee chars always use a shield: true
     0 | D:1      | 0 ||| qw: God list: Okawaru
     0 | D:1      | 0 ||| qw: Allow faded altars: false
     0 | D:1      | 0 ||| qw: Do Orc after clearing Dungeon:15 true
     0 | D:1      | 0 ||| qw: Do second Lair branch before Depths: true
     0 | D:1      | 0 ||| qw: Lair rune preference: random
     0 | D:1      | 0 ||| qw: Goals: Normal
     0 | D:1      | 0 ||| PLANNING D:1-11
    78 | D:1      | Reached skill level 6 in Ranged Weapons
    78 | D:1      | Reached XP level 2. HP: 14/16 MP: 4/4
   388 | D:1      | Reached XP level 3. HP: 20/20 MP: 5/5
   488 | D:1      | Found a faded altar of an unknown god.
   711 | D:1      | 711 ||| UPGRADING to +0 ring mail.
   721 | D:1      | 721 ||| DROPPING +0 leather armour.
   722 | D:1      | 722 ||| READING scroll labelled EMAENO MAKU.
   723 | D:1      | 723 ||| READING scroll labelled MEMOC KIFUSEU.
   724 | D:1      | 724 ||| READING scroll labelled HUICEMMU GOPUV.
   724 | D:1      | 724 ||| IDENTIFYING sedimented white potion
   725 | D:1      | 725 ||| DRINKING 2 fizzy dark potions.
   726 | D:1      | 726 ||| DROPPING scroll of butterflies.
   727 | D:1      | 727 ||| DROPPING potion of berserk rage.
   728 | D:1      | 728 ||| DROPPING potion of brilliance.
  1216 | D:2      | HP: 5/20 [adder (3)]
  1315 | D:2      | Reached skill level 7 in Ranged Weapons
  1657 | D:2      | 1657 ||| UPGRADING to +0 pair of gloves.
  1662 | D:2      | 1662 ||| UPGRADING to ring of protection from fire.
  1663 | D:2      | 1663 ||| DROPPING ring of magical power.
  1664 | D:2      | 1664 ||| READING 2 scrolls of identify.
  1664 | D:2      | 1664 ||| IDENTIFYING glowing cyan potion
  1665 | D:2      | 1665 ||| READING scroll of identify.
  1665 | D:2      | 1665 ||| IDENTIFYING golden potion
  1666 | D:2      | 1666 ||| READING scroll labelled TUANI ATWEIH.
  1666 | D:2      | Identified a scroll of acquirement
  1666 | D:2      | 1666 ||| ACQUIRING +2 orcbow of flaming
  1666 | D:2      | Acquired a +2 orcbow of flaming
  1668 | D:2      | 1668 ||| SWAPPING to +2 orcbow of flaming.
  1669 | D:2      | 1669 ||| DROPPING +0 shortbow.
  1670 | D:2      | 1670 ||| READING 2 scrolls labelled ASCHOH LA RIDEZ.
  1670 | D:2      | 1670 ||| ENCHANTING +0 pair of gloves.
  1671 | D:2      | 1671 ||| READING scroll of enchant armour.
  1671 | D:2      | 1671 ||| ENCHANTING +1 pair of gloves.
  1672 | D:2      | 1672 ||| READING scroll labelled DOAWOCOSASU.
  1672 | D:2      | 1672 ||| ENCHANTING +2 orcbow of flaming.
  1673 | D:2      | 1673 ||| DROPPING potion of attraction.
  1733 | D:3      | 1733 ||| READING scroll of enchant weapon.
  1733 | D:3      | 1733 ||| ENCHANTING +3 orcbow of flaming.
  1744 | D:3      | Found an opulent altar of Gozag.
  1798 | D:3      | Reached XP level 4. HP: 25/25 MP: 6/6
  1817 | D:3      | Reached skill level 8 in Ranged Weapons
  1834 | D:3      | Found a snail-covered altar of Cheibriados.
  1900 | D:3      | 1900 ||| READING scroll of enchant armour.
  1900 | D:3      | 1900 ||| ENCHANTING +0 ring mail.
  2043 | D:3      | Reached XP level 5. HP: 21/29 MP: 7/7
  2047 | D:3      | HP: 1/29 [orc priest/nerve-wracking pain (9)]
  2048 | D:3      | Slain by an orc priest

Levels and vault maps discovered:
D:1:      evilmike_arrival_fibonacci_small, layout_basic,
          nicolae_ecumenical_lake_church
D:2:      layout_loops_corners
D:3:      minmay_thinvault, layout_loops_ring, nicolae_sif_muna_little_library,
          general_overflow_altar, grunt_gozag_breadcrumbs,
          mainiacjoe_overflow_24_doors

Skill      XL: |  1  2  3  4 |
---------------+-------------+-----
Ranged Weapons | 6 7 8 |  8.4
Fighting       | |  1.5
Dodging        | |  2.4
Stealth        | |  1.2

Action                     |  1- 3 |  4- 6 || total
---------------------------+-------+-------++-------
   Fire: Shortbow          |   132 |       ||   132
         Orcbow            |     4 |    29 ||    33
    Use: Scroll            |    10 |     1 ||    11
         Potion            |     1 |       ||     1
 Armour: Leather armour    |     5 |       ||     5
         Ring mail         |    27 |     6 ||    33
  Dodge: Dodged            |    40 |     4 ||    44

Table legend:
 A = Non-vault XP
 B = Vault XP
 C = Vault XP percentage of total XP
 D = Non-vault monster count
 E = Vault monster count
 F = Vault count percentage of total count
                 A         B        C        D         E       F
            +---------+---------+-------+---------+---------+-------
      Total |     194 |       2 |   1.0 |      54 |       1 |   1.8
            +---------+---------+-------+---------+---------+-------
        D:1 |      44 |       0 |   0.0 |      28 |       0 |   0.0
        D:2 |      38 |       0 |   0.0 |      13 |       0 |   0.0
        D:3 |     112 |       2 |   1.8 |      13 |       1 |   7.1
            +---------+---------+-------+---------+---------+-------
